[Event "Late-Titled-Tuesday-Blitz-June-18-2024"]
[Site "Chess.com"]
[Date "2024.06.18"]
[Round "2"]
[White "Skatchkov_V"]
[Black "Javokhir_Sindarov05"]
[Result "0-1"]
[WhiteElo "2637"]
[BlackElo "3065"]
[TimeControl "180+1"]
[EndTime "14:18:15 PDT"]
[Termination "Javokhir_Sindarov05 won on time"]

1. d4 Nf6 2. c4 g6 3. Nc3 Bg7 4. e4 d6 5. h3 O-O 6. Bg5 c5 7.
d5 e6 8. Bd3 exd5 9. exd5 Nbd7 10. Nf3 Re8+ 11. Be3 Rxe3+ 12. fxe3 Qe7 13. O-O Qxe3+ 14.
Rf2 Nh5 15. Qe2 Qxe2 16. Rxe2 Ne5 17. Nxe5 Bxe5 18. Rxe5 dxe5 19. Re1 f6 20. Ne4 b6 21.
Be2 Bf5 22. Bxh5 Bxe4 23. Rxe4 gxh5 24. Rh4 Rb8 25. a4 a6 26. Rxh5 b5 27. cxb5 axb5 28. axb5 Rxb5 29. Rh4 Rxb2 30. Rc4 Rb5 31. Kf2 Kf7 32.
Ke3 Ke7 33. Ke4 Rb4 0-1

[Event "Late-Titled-Tuesday-Blitz-June-18-2024"]
[Site "Chess.com"]
[Date "2024.06.18"]
[Round "2"]
[White "ManMish2"]
[Black "EvilMorty23"]
[Result "0-1"]
[WhiteElo "2660"]
[BlackElo "2332"]
[TimeControl "180+1"]
[EndTime "14:18:15 PDT"]
[Termination "EvilMorty23 won on time"]

1. e4 e6 2. d4 d5 3. Nd2 Nf6 4. e5 Nfd7 5. c3 c5 6. f4 Nc6 7. Ndf3 Qb6 8. g3 cxd4 9. cxd4 f6 10.
Bd3 Be7 11. Kf1 O-O 12. Kg2 fxe5 13. fxe5 Kh8 14. Ne2 Rxf3 15. Kxf3 Nxd4+ 16. Kg2 Nxe5 17. Be3 Bc5 18. Rf1 Bd7 19. Rc1 Nxd3 20. Qxd3 Bb5 21. Qd2 Bxe2 22. Rf4 e5 23. Rh4 Bf3+ 24. Kf2 Rf8 25. Ke1 Be4 26. Qc3 Bb4 27. Bxd4 exd4 0-1

[Event "Late-Titled-Tuesday-Blitz-June-18-2024"]
[Site "Chess.com"]
[Date "2024.06.18"]
[Round "2"]
[White "amintabatabaei"]
[Black "Journey_to_GrandMaster_YT"]
[Result "1-0"]
[WhiteElo "3038"]
[BlackElo "2634"]
[TimeControl "180+1"]
[EndTime "14:18:16 PDT"]
[Termination "amintabatabaei won by checkmate"]

1. e4 d6 2. d4 Nf6 3. Nc3 e5 4. dxe5 dxe5 5. Qxd8+ Kxd8 6. Bc4 Ke8 7. Nf3 Bd6 8. Be3 Nbd7 9. O-O-O a6 10. a4 b6 11. h3 Bb7 12. Nd2 Bc5 13. Bxc5 Nxc5 14. b4 Ncd7 15. Rhe1 Ke7 16. f4 Rhe8 17. Nf3 Kf8 18. g4 exf4 19. g5 Nxe4 20. Rxd7 Nxc3 21. Rxf7+ Kg8 22. Rxf4+ Bd5 23. a5 b5 24. Bxd5+ Nxd5 25.
Rd4 Rxe1+ 26. Nxe1 Re8 27. Nd3 c6 28. Nc5 Re1+ 29.
Kd2 Rh1 30. Nxa6 Rxh3 31. Nc7 Rh2+ 32. Kc1 Ne3 33. a6 Nxc2 34. a7 Nxd4 35. a8=Q+ Kf7 36.
Qe8# 1-0

[Event "Late-Titled-Tuesday-Blitz-June-18-2024"]
[Site "Chess.com"]
[Date "2024.06.18"]
[Round "2"]
[White "HowTo2Draw"]
[Black "esrosenberg"]
[Result "1-0"]
[WhiteElo "2523"]
[BlackElo "2319"]
[TimeControl "180+1"]
[EndTime "14:18:16 PDT"]
[Termination "HowTo2Draw won by resignation"]

1. e4 c5 2. Nf3 g6 3. c3 d5 4. exd5 Qxd5 5. d4 Bg7 6. Na3 cxd4 7. Nb5 Na6 8. Nbxd4 Nf6 9. Bxa6 bxa6 10. O-O O-O 11.
Re1 e6 12. Re5 Qd6 13. Ra5 Rd8 14. Qe2 Bb7 15. Bg5 Rac8 16. h3 h6 17. Bh4 Qb6 18. Ra3 Rd5 19. Re1 Rdc5 20. Rb3 Qc7 21. Nxe6 Bxf3 22.
Qxf3 fxe6 23. Rb7 Qc6 24. Rxg7+ Kxg7 25. Qxf6+ Kg8 26. Qxg6+ Kf8 27. Qxh6+ Kf7 28. Qf6+ Kg8 29. Re3 Qd6 30. Rg3+ Qxg3 31. Bxg3 R5c6 32. Be5 R8c7 33. Qh8+ Kf7 34. Bxc7 Rxc7 35. Qh7+ 1-0

[Event "Late-Titled-Tuesday-Blitz-June-18-2024"]
[Site "Chess.com"]
[Date "2024.06.18"]
[Round "2"]
[White "Viktor_Poddubnyi"]
[Black "MathiasWomacka"]
[Result "1-0"]
[WhiteElo "2342"]
[BlackElo "2511"]
[TimeControl "180+1"]
[EndTime "14:18:18 PDT"]
[Termination "Viktor_Poddubnyi won by resignation"]

1. e4 c5 2. Nf3 d6 3. d4 cxd4 4.
Nxd4 Nf6 5. Nc3 a6 6. Bg5 e6 7.
Qf3 Be7 8. O-O-O h6 9. Bd2 Nbd7 10. g4 Ne5 11. Qg3 g5 12. h4 Rg8 13. hxg5 hxg5 14. f4 gxf4 15. Bxf4 Qc7 16. g5 Nfd7 17. Bh3 Nc5 18. Nf3 Nxf3 19. Qxf3 Bd7 20. Qg3 Bc6 21. Bxd6 Bxd6 22. Rxd6 Rd8 23. Rxd8+ Qxd8 24. Rg1 Nxe4 25. Nxe4 Bxe4 26. Qe5 Qd5 27. Qb8+ Kd7 28. Qxg8 Bg6 29.
Rd1 1-0

[Event "Late-Titled-Tuesday-Blitz-June-18-2024"]
[Site "Chess.com"]
[Date "2024.06.18"]
[Round "2"]
[White "2346PL"]
[Black "insatiable27"]
[Result "1-0"]
[WhiteElo "2537"]
[BlackElo "2345"]
[TimeControl "180+1"]
[EndTime "14:18:22 PDT"]
[Termination "2346PL won by resignation"]

1. Nf3 d5 2. g3 Nf6 3. Bg2 e6 4. O-O Bd6 5. d4 O-O 6. c4 h6 7. Nc3 Nc6 8. b3 Re8 9. Bb2 dxc4 10. bxc4 e5 11. d5 Na5 12. Qa4 b6 13. Nd2 Bb7 14.
e4 Qd7 15. Qc2 Ba6 16. Nd1 Rac8 17. Ne3 c6 18. Rfd1 cxd5 19. exd5 Qc7 20. Bf1 b5 21. Rac1 bxc4 22. Qa4 Qb6 23. Bc3 Rc5 24. Ne4 Nxe4 25. Qxe8+ Kh7 26. Bxe5 Rc8 27. Qxf7 Bxe5 28. Qf5+ Qg6 29.
Qxe5 Ng5 30. Bg2 Rf8 31. f4 Nf7 32. Qf5 Qxf5 33. Nxf5 Rd8 34. Be4 g6 35. Ne7 Nd6 36.
Bxg6+ Kg7 37. Bc2 c3 38. Nf5+ Nxf5 39. Bxf5 Kf6 40. g4 Bc4 41. Rxc3 Bxa2 42. Ra3 Rxd5 43. Rxd5 Bxd5 44. Rxa5 1-0

[Event "Late-Titled-Tuesday-Blitz-June-18-2024"]
[Site "Chess.com"]
[Date "2024.06.18"]
[Round "2"]
[White "zenitushka"]
[Black "farzadbfd"]
[Result "0-1"]
[WhiteElo "2393"]
[BlackElo "2714"]
[TimeControl "180+1"]
[EndTime "14:18:23 PDT"]
[Termination "farzadbfd won by resignation"]

1. d4 Nf6 2. f3 d5 3. e4 dxe4 4. Nc3 exf3 5. Nxf3 Bg4 6. h3 Bh5 7. g4 Bg6 8. Ne5 Nbd7 9. Qe2 Nxe5 10. dxe5 Nd5 11. Qb5+ c6 12. Qxb7 Rc8 13. Nxd5 Be4 14. Bg5 Bxd5 15. O-O-O Bxh1 16. Rxd8+ Rxd8 17. e6 fxe6 18. Bc4 h6 19. Bf4 Bd5 20. Bxd5 Rxd5 21. Qxc6+ Kf7 22.
Bd2 h5 23. a4 hxg4 24. hxg4 Rh1+ 0-1

[Event "Late-Titled-Tuesday-Blitz-June-18-2024"]
[Site "Chess.com"]
[Date "2024.06.18"]
[Round "2"]
[White "StoreySniper"]
[Black "Gyulamiryan-koryun"]
[Result "1-0"]
[WhiteElo "2412"]
[BlackElo "1664"]
[TimeControl "180+1"]
[EndTime "14:18:23 PDT"]
[Termination "StoreySniper won on time"]

1. c4 Nf6 2. Nc3 g6 3. d4 Bg7 4. e4 d6 5. f3 O-O 6. Be3 b6 7. Qd2 Re8 8. Bd3 Nc6 9. Nge2 a5 10. a3 Ba6 11. g4 e6 12. h4 d5 13. cxd5 exd5 14. e5 Bxd3 15. Qxd3 Nd7 16. h5 Ndxe5 17. dxe5 Nxe5 18. Qb5 Nxf3+ 19. Kf2 Qf6 20. Nxd5 Qe5 21. Kxf3 Qe4+ 22. Kf2 c6 23. Qxc6 Rac8 24. Nf6+ Bxf6 25.
Qxe4 Rxe4 26. Rac1 Rce8 27. Rh3 Bg5 28. Rc3 Rxg4 29.
Bxg5 Rxg5 30. h6 f5 31. Rc6 Rb8 32. Nf4 Rg4 33. Nd5 1-0

[Event "Late-Titled-Tuesday-Blitz-June-18-2024"]
[Site "Chess.com"]
[Date "2024.06.18"]
[Round "2"]
[White "CombativeWombat"]
[Black "fabianvivasz"]
[Result "1-0"]
[WhiteElo "2304"]
[BlackElo "2496"]
[TimeControl "180+1"]
[EndTime "14:18:25 PDT"]
[Termination "CombativeWombat won by checkmate"]

1. e4 e5 2. Bc4 Nf6 3. d3 Nc6 4. Nc3 Bc5 5. f4 O-O 6. Nf3 exf4 7. Bxf4 d6 8. Qd2 Na5 9. Bb3 Bb4 10. O-O d5 11. e5 Nxb3 12. axb3 Nd7 13. Qf2 c6 14.
Qg3 Kh8 15. Kh1 Nc5 16. Bg5 Qc7 17. Qh4 Ne6 18. Qxb4 d4 19. Ne4 c5 20. Qd2 b6 21. Bh4 Bb7 22. Rae1 a5 23. Nfg5 Bd5 24. Nxe6 fxe6 25. Qe2 a4 26. bxa4 h6 27. b3 Qc6 28.
Kg1 Qc7 29. Bg3 Qd7 30. Rxf8+ Rxf8 31. Rf1 Ra8 32. Nd6 Qc6 33. Rf7 b5 34. axb5 Qb6 35. h3 Ra1+ 36. Kh2 Rc1 37. Qg4 Qa5 38. Qxg7# 1-0

[Event "Late-Titled-Tuesday-Blitz-June-18-2024"]
[Site "Chess.com"]
[Date "2024.06.18"]
[Round "2"]
[White "xakevicius91"]
[Black "jcibarra"]
[Result "0-1"]
[WhiteElo "2624"]
[BlackElo "3007"]
[TimeControl "180+1"]
[EndTime "14:18:28 PDT"]
[Termination "jcibarra won by resignation"]

1. e4 c5 2. Nf3 Nc6 3. Bc4 e6 4. O-O a6 5. d4 b5 6. d5 Nce7 7. Be2 Ng6 8. c4 bxc4 9. Bxc4 Nf6 10. Nc3 e5 11. d6 h6 12. Nd5 Bxd6 13. Ne3 Be7 14.
Nf5 O-O 15. Qc2 d6 16. Ne3 Be6 17. Rd1 Qc8 18. h3 Rd8 19. Nd5 Nxd5 20. Bxd5 Rb8 21. b3 Bf8 22. Be3 Ne7 23. Bc4 Nc6 24. Qd3 Nb4 25. Qe2 Bxc4 26. Qxc4 Qe6 27. Qe2 a5 28. Rac1 g6 29. Qd2 Kh7 30. Qe2 Bg7 31. Nd2 Nxa2 32.
Nc4 Nxc1 33. Bxc1 Rxb3 34. Nxa5 Rb1 35. Nc4 Ra8 36. Ne3 Raa1 37. Bd2 Rxd1+ 38. Nxd1 Qb3 0-1

[Event "Late-Titled-Tuesday-Blitz-June-18-2024"]
[Site "Chess.com"]
[Date "2024.06.18"]
[Round "2"]
[White "DeTimmerman"]
[Black "Giantgoogachess"]
[Result "1-0"]
[WhiteElo "2739"]
[BlackElo "2481"]
[TimeControl "180+1"]
[EndTime "14:18:28 PDT"]
[Termination "DeTimmerman won by resignation"]

1. Nf3 d5 2. c4 c6 3. e3 Nf6 4. b3 Bf5 5. Bb2 e6 6. Nc3 Nbd7 7. Be2 h6 8. O-O Bd6 9. d4 O-O 10. a4 Qe7 11. a5 Ne4 12. c5 Bc7 13. a6 b6 14. cxb6 Bxb6 15. Na4 Bc7 16. Rc1 Qd6 17. Nc5 Ndxc5 18. dxc5 Qe7 19. Nd4 Qd7 20. b4 Bg6 21.
Qa4 Be5 22. b5 cxb5 23. Bxb5 Qc7 24. f4 Bf6 25. Bc6 Nd2 26. Rf2 Nc4 27. Bxa8 Rxa8 28.
Ba1 Qxc5 29. Qc6 Qxc6 30. Nxc6 Bxa1 31. Rxa1 Nxe3 32. Rb2 Nc2 33. Ra4 f6 34. Ne7+ Kf7 35. Nxg6 Kxg6 36. Rxc2 1-0

[Event "Late-Titled-Tuesday-Blitz-June-18-2024"]
[Site "Chess.com"]
[Date "2024.06.18"]
[Round "2"]
[White "EsmeraldasAnderson03"]
[Black "Cuchulin"]
[Result "0-1"]
[WhiteElo "2482"]
[BlackElo "2272"]
[TimeControl "180+1"]
[EndTime "14:18:28 PDT"]
[Termination "Cuchulin won by checkmate"]

1. d4 d5 2. c4 e6 3. cxd5 exd5 4. Nc3 Nf6 5. Nf3 Be7 6. Bg5 O-O 7. e3 Be6 8. Bd3 h6 9. Bh4 Nbd7 10. O-O c5 11. dxc5 Nxc5 12. Bc2 Nce4 13. Nd4 Nxc3 14. bxc3 Rc8 15. Rc1 Ne4 16. Nxe6 fxe6 17. Bxe7 Qxe7 18. Bxe4 dxe4 19. Qd4 Rf5 20. Qxe4 Rfc5 21. c4 b5 22. h3 bxc4 23. Rc3 Qd6 24. Rfc1 Qd5 25. Qg4 Kh8 26. h4 a5 27. e4 Qe5 28. Qf3 Kh7 29. Qd3 Qc7 30.
Qe3 Qe5 31. f4 Qc7 32. e5 Qc6 33. h5 Qd5 34. Kh2 Rd8 35. Qe2 Rdc8 36. Qg4 Qd4 37. Rg3 R8c7 38. Qg6+ Kh8 39. Rf3 c3 40. Qe8+ Kh7 41.
Qxe6 c2 42. Qg6+ Kh8 43. e6 Qf6 44. Qxf6 gxf6 45. f5 Kg7 46. Rf2 Kf8 47. g4 Ke7 48. Rd2 Rc4 49. Kg3 Rc3+ 50. Kf4 R7c4+ 51. Rd4 Rxd4# 0-1

[Event "Late-Titled-Tuesday-Blitz-June-18-2024"]
[Site "Chess.com"]
[Date "2024.06.18"]
[Round "2"]
[White "koncheto"]
[Black "GHANDEEVAM2003"]
[Result "0-1"]
[WhiteElo "2619"]
[BlackElo "2984"]
[TimeControl "180+1"]
[EndTime "14:18:30 PDT"]
[Termination "GHANDEEVAM2003 won on time"]

1. e4 e6 2. d4 b6 3. c3 Bb7 4. Bd3 c5 5. f4 Nf6 6. Qe2 cxd4 7. cxd4 Nc6 8. Nf3 Nb4 9. Nc3 Nxd3+ 10. Qxd3 Qc8 11.
Bd2 Bb4 12. e5 Nd5 13. Nxd5 Bxd2+ 14. Nxd2 Bxd5 15. O-O Qb7 16. Nc4 Bxc4 17. Qxc4 Rc8 18. Qa4 O-O 19. Rac1 Rxc1 20. Rxc1 Qe4 21. Rf1 Qd5 22. Rc1 h5 23. Qc4 Qe4 24. Rf1 b5 25. Qxb5 Rc8 26. Qb3 Qxd4+ 27. Kh1 Qxf4 28. Rd1 Qxe5 29.
h3 Rb8 30. Qa4 d5 31. b3 Qe3 32. Qa5 Rc8 33. Rf1 Rc1 34. Qa6 h4 35. Rxc1 Qxc1+ 36. Kh2 Qc7+ 37. Kh1 e5 38. Qa4 d4 39. Qe8+ Kh7 0-1

[Event "Late-Titled-Tuesday-Blitz-June-18-2024"]
[Site "Chess.com"]
[Date "2024.06.18"]
[Round "2"]
[White "PhileKhoob"]
[Black "edgarhay012"]
[Result "0-1"]
[WhiteElo "2359"]
[BlackElo "2705"]
[TimeControl "180+1"]
[EndTime "14:18:32 PDT"]
[Termination "edgarhay012 won by resignation"]

1. Nf3 Nf6 2. g3 g6 3. Bg2 Bg7 4. O-O O-O 5. d4 d6 6. b3 c5 7. c4 cxd4 8. Nxd4 Nc6 9. Bb2 Bd7 10. Nc3 Rc8 11. e3 a6 12. Rc1 Qa5 13. a3 Qb6 14. Na4 Qd8 15. Nc3 h6 16. Qd2 Qb6 17. Na4 Qc7 18. Nc3 e6 19. Rfd1 Rfd8 20. Ne4 Ne8 21.
Nf3 e5 22. Nc3 Be6 23. Nd5 Qb8 24. Ne1 b5 25. cxb5 Qxb5 26. b4 Kh7 27. Nc3 Qb8 28. h4 Ne7 29. h5 d5 30. hxg6+ fxg6 31. Ne2 Nd6 32. Rxc8 Rxc8 33. Bc1 Nc4 34. Qa2 Bg8 35. Nd3 d4 36. exd4 Ne3 37. Bxe3 Bxa2 38. dxe5 Bc4 39. Nef4 Rd8 40. Nb2 Rxd1+ 41. Nxd1 Qxe5 42. Kh2 Bb3 43. Bf3 g5 44. Nd3 Qf5 45. Be2 Bxd1 46. Bxd1 Qxd3 0-1

[Event "Late-Titled-Tuesday-Blitz-June-18-2024"]
[Site "Chess.com"]
[Date "2024.06.18"]
[Round "2"]
[White "Levanzovsky"]
[Black "KaydenTroffChess"]
[Result "0-1"]
[WhiteElo "2405"]
[BlackElo "2810"]
[TimeControl "180+1"]
[EndTime "14:18:35 PDT"]
[Termination "KaydenTroffChess won by checkmate"]

1. e4 c5 2. Nf3 g6 3. d4 cxd4 4. Qxd4 Nf6 5. e5 Nc6 6. Qa4 Nd5 7. Qb3 Nc7 8. Ng5 Ne6 9. Nxe6 dxe6 10. f4 Bg7 11.
Be3 O-O 12. Nd2 f6 13. O-O-O fxe5 14. Bc4 exf4 15. Bc5 Kh8 16. Nf3 Qa5 17. Ba3 e5 18. Ng5 Nd4 19. Rxd4 exd4 20. Bxe7 f3 21. gxf3 Qe5 22.
Qa3 Bd7 23. h4 d3 24. cxd3 Rf5 25. Qb4 b5 26. Bf7 a5 27. Qe4 Qxb2+ 28. Kd1 Rc8 29.
Bc4 bxc4 30. h5 cxd3 31. hxg6 Rc1# 0-1

[Event "Late-Titled-Tuesday-Blitz-June-18-2024"]
[Site "Chess.com"]
[Date "2024.06.18"]
[Round "2"]
[White "PoXerStar"]
[Black "GasconJR"]
[Result "0-1"]
[WhiteElo "2371"]
[BlackElo "2636"]
[TimeControl "180+1"]
[EndTime "14:18:35 PDT"]
[Termination "GasconJR won by resignation"]

1. d4 d5 2. c4 e6 3. Nf3 h6 4. g3 Nf6 5. Bg2 Bd6 6. O-O O-O 7. Qc2 b6 8. Nbd2 Bb7 9. b3 Nbd7 10. Bb2 Rc8 11.
Rad1 Qe7 12. cxd5 exd5 13. e3 c5 14. dxc5 Nxc5 15. Qb1 Ba6 16. b4 Bd3 17. Qa1 Na4 18.
Rfe1 Nxb2 19. Qxb2 Bxb4 20. Rc1 Ba3 21. Qd4 Rxc1 22.
Qxd3 Rxe1+ 23. Nxe1 Bb4 24. Nc2 Bxd2 25. Qxd2 Rc8 26. Nd4 Qc5 27. Bf1 Ne4 28. Qd1 Qd6 29. Bd3 Qf6 30. Bxe4 dxe4 31. Qg4 Rc1+ 32. Kg2 Ra1 33.
Qxe4 Rxa2 34. Qe8+ Kh7 35. Qe4+ g6 36. Nf3 Kg7 37.
h4 Qb2 38. Kh3 Qxf2 39. Qe6 0-1

[Event "Late-Titled-Tuesday-Blitz-June-18-2024"]
[Site "Chess.com"]
[Date "2024.06.18"]
[Round "2"]
[White "lluiss"]
[Black "GiorgianBarbosa"]
[Result "0-1"]
[WhiteElo "2273"]
[BlackElo "2502"]
[TimeControl "180+1"]
[EndTime "14:18:35 PDT"]
[Termination "GiorgianBarbosa won on time"]

1. Nf3 Nf6 2. d4 e6 3. g3 d5 4. Bg2 Be7 5. O-O O-O 6. b3 a5 7. a4 b6 8. Ba3 Ba6 9. Bxe7 Qxe7 10.
Ne5 Nfd7 11. Nxd7 Nxd7 12. Re1 c5 13. e4 dxe4 14. Bxe4 Rad8 15. Nc3 Qf6 16. Bd3 Bxd3 17.
Qxd3 Qxd4 18. Qxd4 cxd4 19. Nb5 e5 20. c3 dxc3 21. Nxc3 f6 22. Nd5 Rb8 23. b4 axb4 24.
Nxb4 Nc5 25. Red1 Ra8 26. Nd5 Nxa4 27. Rdb1 Rfd8 28. Rb5 Nc5 29. Rxa8 Rxa8 30. Rxb6 Ra1+ 31. Kg2 Nd3 32. Rb3 Ne1+ 33. Kh3 Ra2 34. f4 e4 35. Ne3 Nf3 0-1

[Event "Late-Titled-Tuesday-Blitz-June-18-2024"]
[Site "Chess.com"]
[Date "2024.06.18"]
[Round "2"]
[White "shirovin"]
[Black "Road2GM3000"]
[Result "0-1"]
[WhiteElo "2120"]
[BlackElo "2457"]
[TimeControl "180+1"]
[EndTime "14:18:36 PDT"]
[Termination "Road2GM3000 won on time"]

1. e4 c5 2. Nf3 d6 3. d4 cxd4 4. Nxd4 Nf6 5. Nc3 a6 6. Bg5 e6 7.
f4 Qb6 8. Qd2 Nc6 9. Nb3 Ng4 10.
Bd3 Nf2 11. Rf1 Nxd3+ 12. Qxd3 Bd7 13. O-O-O Rc8 14. f5 Ne5 15. Qe3 Qxe3+ 16. Bxe3 Be7 17. Nd4 O-O 18. Bf4 Nc6 19. Bg3 Nxd4 20. Rxd4 e5 21. Rdd1 Bc6 22. Nd5 Bxd5 23. Rxd5 Rc6 24. c3 b5 25. a3 Rfc8 26. Rfd1 Kf8 27. h4 Ke8 28. Kb1 Rc4 29. Re1 R8c5 30. Rxc5 Rxc5 31. Kc2 f6 32. Bf2 Rc8 33. g4 Kd7 34. Rd1 Kc6 35. Rd5 Bd8 36. Kd3 Rb8 37. b3 a5 38. Be3 Bb6 0-1

[Event "Late-Titled-Tuesday-Blitz-June-18-2024"]
[Site "Chess.com"]
[Date "2024.06.18"]
[Round "2"]
[White "Zq1"]
[Black "JoakimVonAnd"]
[Result "0-1"]
[WhiteElo "2506"]
[BlackElo "2749"]
[TimeControl "180+1"]
[EndTime "14:18:39 PDT"]
[Termination "JoakimVonAnd won by resignation"]

1. Nf3 d5 2. c4 e6 3. d4 Nf6 4.
Nc3 c6 5. e3 a6 6. b3 Bb4 7.
Bd2 Nbd7 8. Bd3 O-O 9. a3 Bd6 10. O-O Re8 11. h3 e5 12. cxd5 e4 13. dxc6 bxc6 14.
Nxe4 Nxe4 15. Bxe4 Rxe4 16. Qc2 Re6 17. e4 c5 18. e5 Bf8 19. d5 Rg6 20. Qe4 Nb6 21. Nh4 Qxd5 22. Qxd5 Nxd5 23. Nxg6 hxg6 24. Rfd1 Be6 25.
Rab1 Rb8 26. Rdc1 Be7 27. f4 Kf8 28. Kf2 Ke8 29. Kf3 Nb6 30. Be3 Nd7 31. Rc3 c4 32.
Rbc1 cxb3 33. Rc8+ Rxc8 34. Rxc8+ Bd8 35. Bc1 Nxe5+ 0-1

[Event "Late-Titled-Tuesday-Blitz-June-18-2024"]
[Site "Chess.com"]
[Date "2024.06.18"]
[Round "2"]
[White "AldokhinIvan"]
[Black "Oleksandr_Bortnyk"]
[Result "0-1"]
[WhiteElo "2635"]
[BlackElo "3055"]
[TimeControl "180+1"]
[EndTime "14:18:40 PDT"]
[Termination "Oleksandr_Bortnyk won on time"]

1. e4 g6 2. d4 Bg7 3. Nc3 c6 4. h4 h5 5. Nf3 d5 6. Bg5 Bg4 7. Qe2 Bxd4 8. Rd1 Bxc3+ 9. bxc3 Qa5 10. exd5 cxd5 11. Qb5+ Qxb5 12. Bxb5+ Bd7 13. Rxd5 f6 14.
Be3 e5 15. O-O Ne7 16. Rc5 b6 17. Bxd7+ Nxd7 18. Rc7 Nd5 19. Rc6 Ke7 20. Rd1 Nxe3 21. fxe3 Rac8 22. Rcd6 Rc7 23. R6d5 Nc5 24. Nd2 Rhc8 25.
Nc4 Ne4 26. Nd6 Nxd6 27. Rxd6 Rb7 28. R6d3 Rc4 29. g3 Rbc7 30. Rd8 Rxc3 31. Rg8 Kf7 32. Rdd8 Rxc2 33. Rdf8+ Ke6 34. Rxg6 Kf5 35. Rfxf6+ Ke4 36. Rg5 Rc1+ 37. Kg2 R7c2+ 38. Rf2 Rxf2+ 39. Kxf2 Rc2+ 40. Ke1 Rxa2 41. Rxh5 b5 42. Rg5 b4 43. h5 b3 44.
Kd1 Ra1+ 45. Kd2 b2 0-1

[Event "Late-Titled-Tuesday-Blitz-June-18-2024"]
[Site "Chess.com"]
[Date "2024.06.18"]
[Round "2"]
[White "artin10862"]
[Black "Tunahan_Makaraci"]
[Result "1-0"]
[WhiteElo "2936"]
[BlackElo "2609"]
[TimeControl "180+1"]
[EndTime "14:18:40 PDT"]
[Termination "artin10862 won by resignation"]

1. c4 e6 2. Nc3 d5 3. d4 c5 4. cxd5 cxd4 5. Qxd4 Nc6 6. Qd1 exd5 7.
Qxd5 Bd6 8. Nf3 Nf6 9. Qb3 O-O 10.
e3 Be6 11. Qd1 Qe7 12. a3 Rfd8 13. Qc2 Rac8 14. Be2 Na5 15. Nd4 Nd5 16. Nxe6 Qxe6 17. O-O Nxc3 18. bxc3 Qe5 19. g3 Qxc3 20. Qxc3 Rxc3 21.
Bd2 Rc5 22. Bb4 Rd5 23. Bf3 Rb5 24. Rfd1 Bc7 25. Rxd8+ Bxd8 26. Rd1 Bf6 27. Be2 Re5 28. Bc3 Rc5 29. Bb4 Re5 30. Rd7 Nc6 31. Rxb7 h6 32.
Bc4 Nxb4 33. Bxf7+ Kf8 34. axb4 Re7 35. Rxe7 Kxe7 36.
Bc4 Bc3 37. b5 Kd6 38. Kg2 g5 39. Kf3 Ke5 40. Ke2 Bb2 41. Bd3 Bc3 42. f4+ gxf4 43. gxf4+ Kf6 44. Kf3 Bb2 45. e4 Bc3 46. e5+ Ke6 47.
Ke4 Bb2 48. Bc4+ Ke7 49. f5 Bc3 50. f6+ Kf8 51. Kf5 Bb4 52. e6 Bc5 53. Kg6 1-0

[Event "Late-Titled-Tuesday-Blitz-June-18-2024"]
[Site "Chess.com"]
[Date "2024.06.18"]
[Round "2"]
[White "MarcoRiehle"]
[Black "rdarruda"]
[Result "1-0"]
[WhiteElo "2814"]
[BlackElo "2559"]
[TimeControl "180+1"]
[EndTime "14:18:40 PDT"]
[Termination "MarcoRiehle won by resignation"]

1. e4 c5 2. a3 e6 3. b4 cxb4 4.
axb4 Bxb4 5. Bb2 Nf6 6. e5 Nd5 7. c4 Ne7 8. Qg4 Nf5 9. Bd3 h5 10. Qf3 g6 11. Nc3 Nc6 12. Ne4 Be7 13. Ne2 O-O 14. g4 hxg4 15. Qxg4 d6 16. exd6 Bh4 17.
Nf4 e5 18. Nxg6 fxg6 19. Qxg6+ Ng7 20. Rg1 Rf7 21. Nf6+ Kf8 22. Qh7 Qxd6 23. Qh8+ Ke7 24. Ng8+ Kd7 25. Rxg7 Rxg7 26. Qxg7+ Be7 27. Nxe7 Qxe7 28.
Qxe7+ Kxe7 29. Be4 Nd4 30. Bxd4 exd4 31. Ke2 Kd6 32.
f4 a5 33. Kd3 Kc5 34. Rb1 a4 35. Bxb7 Bxb7 36. Rxb7 a3 37. Rb5+ Kc6 38. Rb1 a2 39. Ra1 Kc5 40. Kc2 Kxc4 41. d3+ Kb4 42. Kb2 Rf8 43.
Rf1 Ra8 44. f5 Ra6 45. h4 a1=Q+ 46. Rxa1 Rf6 47. Rf1 1-0

[Event "Late-Titled-Tuesday-Blitz-June-18-2024"]
[Site "Chess.com"]
[Date "2024.06.18"]
[Round "2"]
[White "scabies1"]
[Black "manitodeplomo"]
[Result "0-1"]
[WhiteElo "2324"]
[BlackElo "2678"]
[TimeControl "180+1"]
[EndTime "14:18:40 PDT"]
[Termination "manitodeplomo won by checkmate"]

1. e4 c5 2. Nf3 e6 3. d4 cxd4 4.
Nxd4 a6 5. g3 Nf6 6. Bg2 Qc7 7.
O-O Nc6 8. Nc3 Be7 9. Re1 O-O 10. Nxc6 bxc6 11. e5 Nd5 12. Ne4 Qxe5 13. c4 Nf6 14. Rb1 Nxe4 15. Bxe4 Qc5 16. b3 d5 17. Be3 Qa3 18. Bd3 Qd6 19. Bd4 g6 20. h4 Qd8 21.
cxd5 cxd5 22. Qf3 f6 23. h5 e5 24. hxg6 hxg6 25. Bxg6 Kg7 26. Bc2 exd4 27. Qd3 Rh8 28. Qg6+ Kf8 29. Rbd1 Qe8 30. Qxe8+ Kxe8 31. Rxd4 Kf7 32.
Rxd5 Bb7 33. Rd7 Rh1# 0-1

[Event "Late-Titled-Tuesday-Blitz-June-18-2024"]
[Site "Chess.com"]
[Date "2024.06.18"]
[Round "2"]
[White "CSB7"]
[Black "s-dshubin"]
[Result "1-0"]
[WhiteElo "2764"]
[BlackElo "2400"]
[TimeControl "180+1"]
[EndTime "14:18:40 PDT"]
[Termination "CSB7 won by checkmate"]

1. e4 e6 2. d4 d5 3. e5 c5 4. c3 Qb6 5. Nf3 Bd7 6. Bd3 Nc6 7. O-O cxd4 8. Re1 Nh6 9. c4 dxc4 10. Bxc4 Be7 11. a3 Nf5 12. Bd3 Nh4 13. Nxh4 Bxh4 14.
Qg4 Be7 15. Qxg7 O-O-O 16. Qxf7 Nxe5 17. Rxe5 Bd6 18. Re1 Rdf8 19. Qh5 Rhg8 20. Nd2 Bc6 21. Ne4 Bb8 22. Qe2 Qc7 23. g3 Qe5 24. Bd2 Qd5 25.
Rac1 h5 26. b4 h4 27. b5 hxg3 28. hxg3 Rxf2 29. Qxf2 Bxg3 30. Rxc6+ bxc6 31. Nxg3 cxb5 32. Be4 Qb3 33. Rc1+ Kd7 34. Qf7+ Kd6 35. Bf4+ e5 36. Rc6# 1-0

[Event "Late-Titled-Tuesday-Blitz-June-18-2024"]
[Site "Chess.com"]
[Date "2024.06.18"]
[Round "2"]
[White "RZ0"]
[Black "N_I_Chess"]
[Result "1-0"]
[WhiteElo "2530"]
[BlackElo "2335"]
[TimeControl "180+1"]
[EndTime "14:18:40 PDT"]
[Termination "RZ0 won by checkmate"]

1. d4 Nf6 2. c4 e6 3. Nc3 Bb4 4. e3 O-O 5. Nf3 d5 6. Bd2 b6 7. Rb1 dxc4 8. Bxc4 Bb7 9. O-O Nbd7 10. Qe2 a6 11. Rfd1 Qe7 12. e4 b5 13. Bd3 e5 14.
dxe5 Nxe5 15. Nxe5 Qxe5 16. f4 Qe7 17. e5 Nd7 18.
Ne4 Bxd2 19. Rxd2 Nc5 20. Nxc5 Qxc5+ 21. Kh1 Rad8 22. Rc1 Qb6 23. f5 Rfe8 24. f6 g6 25.
Re1 c5 26. Bc2 c4 27. Rxd8 Qxd8 28. Qe3 Re6 29. Bf5 Re8 30. h3 Bd5 31. Qh6 Re6 32.
Qg7# 1-0

[Event "Late-Titled-Tuesday-Blitz-June-18-2024"]
[Site "Chess.com"]
[Date "2024.06.18"]
[Round "2"]
[White "Manukyan_Artak"]
[Black "RebecaJimnz"]
[Result "1-0"]
[WhiteElo "2506"]
[BlackElo "2285"]
[TimeControl "180+1"]
[EndTime "14:18:40 PDT"]
[Termination "Manukyan_Artak won by resignation"]

1. e4 c5 2. Nf3 Nc6 3. c3 Nf6 4.
e5 Nd5 5. d4 cxd4 6. cxd4 d6 7.
Nc3 Nxc3 8. bxc3 dxe5 9. d5 Nb8 10. Nxe5 Qc7 11. Bb5+ Nd7 12. Nxd7 Bxd7 13. Bxd7+ Qxd7 14.
c4 e6 15. O-O Be7 16. dxe6 Qxd1 17. exf7+ Kxf7 18. Rxd1 Rhd8 19. Be3 b6 20. Kf1 Rac8 21. Rxd8 Bxd8 22. Rc1 Be7 23. Ke2 Bc5 24. a4 Bxe3 25.
Kxe3 Ke6 26. Kd4 Rc5 27. f4 Ra5 28. Ra1 Kf5 29. g3 Kg4 30. Kc3 h5 31. Kb4 h4 32.
gxh4 Kxf4 33. Rg1 Rh5 34. Rxg7 Rxh4 35. Rxa7 Rxh2 36. Re7 Kf5 37. Kb5 Rb2+ 38. Kc6 Kf6 39. Re3 Ra2 40. Kxb6 Rxa4 41. c5 Rb4+ 42. Kc7 Kf7 43.
c6 Rb1 44. Kd8 Rd1+ 45. Kc8 Rc1 46. c7 Rb1 47. Re4 Rb2 48. Kd7 Rd2+ 49. Kc6 Rc2+ 50.
Kd6 Rd2+ 51. Kc5 1-0